 Dungeon Crawl Stone Soup version 0.31-a0-981-geadf994542 (webtiles) character file.

Game seed: 12785343337209812157

36 lunkers the Insei (level 3, -1/28 HPs)
             Began as a Meteoran Shapeshifter on Nov 1, 2023.
             Slain by an orc
             ... wielding a +0 falchion
              (6 damage)
             ... on level 3 of the Dungeon.
             The game lasted 00:01:35 (592 turns).

lunkers the Insei (Meteoran Shapeshifter)            Turns: 592, Time: 00:01:36

Health: -1/28      AC:  6    Str: 15    XL:     3   Next: 82%
Magic:  4/4        EV: 10    Int: 12    God:
Gold:   73         SH:  0    Dex: 15    Spells: 2/2 levels left

rFire   . .          .
                       - Unarmed
rCold   . . .        (no shield)
rNeg    . . .        e - +0 scale mail
rPois   .            (helmet currently unavailable)
rElec   .            (cloak currently unavailable)
rCorr   .            (gloves currently unavailable)
SInv    .            (boots currently unavailable)
Will    .....        (no amulet) Stlth
                     (no ring)
HPRegen 0.24/turn    (no ring)
MPRegen 0.09/turn

%: no passive effects
@: beast-form, glowing
A: beast (slay +2), sense surroundings 1, otherworldly, glowing, explore regen
a: Begin Untransformation


You were on level 3 of the Dungeon.
You were a hulking beast.
You visited 1 branch of the dungeon, and saw 3 of its levels.

You collected 73 gold pieces.

Inventory:

Armour
 a - a +0 animal skin
 e - a +0 scale mail (worn)
 i - a +0 pair of gloves
Talismans
 c - a beast talisman
 d - a flux talisman
Wands
 p - a wand of flame (17)
Scrolls
 g - 2 scrolls of fog {unknown}
 j - a scroll of brand weapon {unknown}
 l - 2 scrolls of identify {unknown}
 n - a scroll of noise {unknown}
 o - 2 scrolls of teleportation {unknown}
Potions
 b - a potion of lignification
 f - a potion of haste {unknown}
 h - a potion of attraction {unknown}
 k - a potion of berserk rage {unknown}
 m - 2 potions of resistance {unknown}
 q - a potion of mutation {unknown}


   Skills:
 - Level 1.1 Fighting
 - Level 2.1 Dodging
 * Level 4.8 Unarmed Combat
 + Level 4.1 Shapeshifting


You had 2 spell levels left.
You didn't know any spells.
Your spell library was empty.

Dungeon Overview and Level Annotations

Branches:
Dungeon (3/15) Zot: 1212

Altars:

Shops:
D:3 [


Innate Abilities, Weirdness & Mutations

You are a hulking beast.
Your limbs bulge with bestial killing power. (Slay +2)
You passively map a small area around you.
You are easily found by Zot.
You glow in the dark.
You regain HP and MP as you explore.


Message History

The puff of flame hits you.
You completely miss the orc. You hit the orc but do no damage.
You hear some strange, mumbled words.
Something tries to affect you, but you resist.
You hit the orc.
You kill the orc!
The orc hits you with a +0 trident.
* * * LOW HITPOINT WARNING * * *
Something hits you but does no damage.
You are too injured to fight recklessly!
You closely miss the orc. The orc hits you but does no damage.
Something hits you.
* * * LOW HITPOINT WARNING * * *
The orc hits you but does no damage.
You hit the orc.
The orc is heavily wounded.
The orc hits you with a +0 trident.
* * * LOW HITPOINT WARNING * * *
Something hits you but does no damage. The orc completely misses you.
Unknown command.
You barely miss the orc.
The orc is heavily wounded.
The orc closely misses you. Something hits you but does no damage.
The orc hits you with a +0 falchion.
* * * LOW HITPOINT WARNING * * *
You barely miss the orc.
The orc is heavily wounded.
The orc barely misses you.
You hear some strange, mumbled words.
A puff of flame appears from out of thin air!
The puff of flame hits you!
* * * LOW HITPOINT WARNING * * *
The orc hits you but does no damage.
Unknown command.
You hit the orc but do no damage.
The orc is heavily wounded.
The orc closely misses you. Something hits you but does no damage.
The orc hits you with a +0 falchion.
You die...

*#......................###..
,
#......................(..#.
#.......................)....
..##.......................#.
..............)............
.....#...............#...##
*#......#.....##...# , ,
###..?....##..##...# ,
*#...ho....###......#
.....##o{....# ###..### ....#
#......# ##..# * * ....
........#* #..# ,
.##*###......# , , ... , **
#......# #. , , ,..$..### ,
##.#..., , * * ,


You could see 2 orcs.

Vanquished Creatures
  An adder (D:3)
  An orc (D:3)
  3 bats
  5 endoplasms
  5 goblins
  2 quokkas (D:3)
  A ball python (D:3)
  2 frilled lizards
  3 kobolds
  A rat (D:1)
24 creatures vanquished.

Notes
Turn   | Place    | Note
-------+----------+-------------------------------------------
     0 | D:1      | lunkers the Meteoran Shapeshifter began the quest for the
                  | Orb.
     0 | D:1      | Reached XP level 1. HP: 16/16 MP: 2/2
   189 | D:1      | Reached XP level 2. HP: 23/23 MP: 3/3
   318 | D:2      | Identified the +10 mace of Flying Imminent Death {venom,
                  | rN++ MP-9}
   462 | D:3      | Reached XP level 3. HP: 28/28 MP: 4/4
   478 | D:3      | Found Tutim's Antique Armour Shoppe.
   592 | D:3      | Slain by an orc

Illustrated notes

Levels and vault maps discovered:
D:1:      dpeg_arrival_simpleton_b, layout_basic
D:2:      layout_basic
D:3:      layout_rooms, serial_shops, shop

Skill      XL: |  1  2 |
---------------+-------+-----
Unarmed Combat | 4 |  4.8
Shapeshifting  | 4 |  4.1
Fighting       | |  1.1
Dodging        | |  2.1

Action                     || total
---------------------------++-------
  Melee: Unarmed           ||    61
         Punch             ||     2
 Armour: Scale mail        ||    41
  Dodge: Dodged            ||    29

Table legend: (Time is in decaauts)
 A = Elapsed time spent in this place.
 B = Non-inter-level travel time spent in this place.
 C = Inter-level travel time spent in this place.
 D = Time resting spent in this place.
 E = Time spent auto-exploring this place.
 F = Levels seen in this place.
 G = Mean time per level.
                   A        B        C        D        E       F      G
               +--------+--------+--------+--------+--------+-----+--------+
         Total |    586 |    538 |     48 |      0 |    328 |   3 |  195.3 |
       Dungeon |    586 |    538 |     48 |      0 |    328 |   3 |  195.3 |
               +--------+--------+--------+--------+--------+-----+--------+

Top non-repeatable levels by time:
     D:2: 209 daAuts
     D:1: 204 daAuts
     D:3: 172 daAuts
